 Dungeon Crawl Stone Soup version 0.28.0 (webtiles) character file.

Game seed: 3517404639471179601

11853 enile the Spear-Bearer (level 11, -2/89 HPs)
             Began as a Gnoll Wanderer on Feb 17, 2022.
             Was an Elder of Ru.
             Shot with an arrow by a centaur warrior (24 damage)
             ... on level 9 of the Dungeon.
             The game lasted 00:17:41 (9467 turns).

enile the Spear-Bearer (Gnoll Wanderer)             Turns: 9467, Time: 00:17:42

Health: -2/89      AC: 11    Str: 17    XL:     11   Next: 84%
Magic:  21/21      EV: 14    Int:  9    God:    Ru [****..]
Gold:   452        SH:  0    Dex: 13    Spells: 21/23 levels left

rFire   x x .      SeeInvis +   q - +3 scimitar "Zisoec" {spect, *Rage rPois Str+4 SInv Stlth+}
rCold   . . .      Faith    .   D - orb {light}
rNeg    . . .      Spirit   .   U - +0 steam dragon scales
rPois   +          Reflect  .   (no helmet)
rElec   .          Harm     .   (no cloak)
rCorr   .          Rampage  .   (no gloves)
Will    +....      Rage     20% b - +0 pair of boots
Stlth   ..........              s - amulet of magic regeneration
HPRegen 0.24/turn               x - +4 ring of protection
MPRegen 0.57/turn               V - ring of Zuyplaff {Ice rPois Will+ Dex-4}

@: unable to drink, on berserk cooldown, slowed, glowing, very slow
A: fangs 1, inability to drink while threatened, no stealth, temperature
sensitive, strong nose, distributed training
a: Renounce Religion, Draw Out Power, Power Leap


You were on level 9 of the Dungeon.
You worshipped Ru.
Ru was greatly pleased with you.
You visited 1 branch of the dungeon, and saw 9 of its levels.

You collected 452 gold pieces.

Inventory:

Hand Weapons
 a - a +1 trident
 l - a +0 short sword of flaming
 q - the +3 scimitar "Zisoec" (weapon) {spect, *Rage rPois Str+4 SInv Stlth+}
   (You took it off an orc on level 3 of the Dungeon)

   When its wielder attacks, the weapon's spirit leaps out and strikes again.
   The spirit shares a part of any damage it takes with its wielder.
   Str:       It affects your strength (+4).
   rPois:     It protects you from poison.
   SInv:      It lets you see invisible.
   *Rage:     It berserks you when you make melee attacks (+20% chance).
   Stlth:     It makes you more stealthy.
 H - the +10 flail "Supramos" {venom, Str+6}
   (You took it off an orc on level 6 of the Dungeon)

   It poisons the flesh of those it strikes.
   Str:       It affects your strength (+6).
Missiles
 i - 5 javelins
 n - 3 datura-tipped darts
 E - 5 atropa-tipped darts (quivered)
 P - 3 poisoned darts
Armour
 b - a +0 pair of boots (worn)
 c - a +0 robe
 r - a +0 leather armour
 y - a +0 plate armour
 D - an orb of light (worn)
 R - a +1 robe of fire resistance
 U - +0 steam dragon scales (worn)
Jewellery
 s - an amulet of magic regeneration (around neck)
 x - a +4 ring of protection (left hand)
 G - a ring of flight
 S - a ring of see invisible
 V - the ring of Zuyplaff (right hand) {Ice rPois Will+ Dex-4}
   (You found it on level 8 of the Dungeon)

   [ring of ice]

   It enhances your ice magic.
   Dex:       It affects your dexterity (-4).
   rF:        It makes you vulnerable to fire.
   rC:        It protects you from cold.
   rPois:     It protects you from poison.
   Will:      It increases your willpower.
Wands
 A - a wand of mindburst (9)
 I - a wand of polymorph (9)
 M - a wand of iceblast (21)
 Q - a wand of flame (22)
 W - a wand of paralysis (14)
Scrolls
 e - 2 scrolls of amnesia {unknown}
 f - 8 scrolls of identify {unknown}
 g - a scroll of acquirement {unknown}
 h - 3 scrolls of vulnerability {unknown}
 m - 2 scrolls of magic mapping {unknown}
 o - 2 scrolls of blinking {unknown}
 p - 2 scrolls of enchant weapon {unknown}
 z - 3 scrolls of immolation {unknown}
 C - 2 scrolls of fog {unknown}
 F - a scroll of noise {unknown}
 J - 3 scrolls of enchant armour {unknown}
 O - a scroll of fear {unknown}
Potions
 d - a potion of degeneration {unknown}
 j - a potion of might {unknown}
 k - 3 potions of magic {unknown}
 t - 2 potions of heal wounds {unknown}
 u - 3 potions of brilliance {unknown}
 v - a potion of mutation {unknown}
 w - 9 potions of curing {unknown}
 B - 4 potions of attraction {unknown}
 K - a potion of ambrosia {unknown}
 L - a potion of resistance {unknown}
 N - a potion of invisibility {unknown}
 T - a potion of lignification {unknown}
 X - a potion of cancellation {unknown}


   Skills:
 + Level 9.4 Fighting
 + Level 6.6 Short Blades
 + Level 6.6 Long Blades
 + Level 6.6 Axes
 + Level 6.6 Maces & Flails
 + Level 9.4 Polearms
 + Level 6.6 Staves
 + Level 6.6 Slings
 + Level 6.6 Bows
 + Level 6.6 Crossbows
 + Level 6.6 Throwing
 + Level 6.6 Armour
 + Level 6.6 Dodging
   Level 0.0 Stealth
 + Level 6.6 Shields
 + Level 6.6 Unarmed Combat
 + Level 6.6 Spellcasting
 + Level 5.5 Conjurations
 + Level 5.5 Hexes
 + Level 5.5 Summonings
 + Level 5.5 Necromancy
 + Level 5.5 Translocations
 + Level 5.5 Transmutations
 + Level 5.5 Fire Magic
 + Level 5.5 Ice Magic
 + Level 5.5 Air Magic
 + Level 5.5 Earth Magic
 + Level 5.5 Poison Magic
 + Level 7.3 Invocations
 + Level 6.6 Evocations


You had 21 spell levels left.
You knew the following spells:

 Your Spells              Type           Power      Damage    Failure   Level
a - Scorch                Fire           24%        2d6       3%          2

Your spell library contained the following spells:

 Spells                   Type           Power      Damage    Failure   Level
 Beastly Appendage        Tmut           24%        N/A       2%          1
 Magic Dart               Conj           48%        1d5       2%          1
 Summon Small Mammal      Summ           48%        N/A       2%          1
 Ensorcelled Hibernation  Hex/Ice        38%        N/A       3%          2
 Passwall                 Tmut/Erth      10%        N/A       3%          2
 Poisonous Vapours        Pois/Air       24%        N/A       3%          2
 Searing Ray              Conj           24%        2d5       3%          2
 Wereblood                Tmut           12%        N/A       3%          2
 Call Canine Familiar     Summ           12%        N/A       6%          3
 Frozen Ramparts          Ice            38%        1d5       6%          3
 Spider Form              Tmut/Pois      12%        N/A       6%          3
 Summon Guardian Golem    Hex/Summ       12%        N/A       6%          3
 Swiftness                Air            12%        N/A       6%          3
 Cause Fear               Hex            6%         N/A       22%         4
 Flame Wave               Conj/Fire      12%        2d6       22%         4
 Fulminant Prism          Conj/Hex       6%         3d7       22%         4
 Freezing Cloud           Conj/Ice/Air   9%         6-21      52%         5
 Summon Cactus Giant      Summ           6%         N/A       97%         6
 Dragon Form              Tmut           6%         N/A       100%        7
 Borgnjor's Revivificati  Necr           6%         N/A       100%        8
 Necromutation            Tmut/Necr      6%         N/A       100%        8
 Death's Door             Necr           6%         N/A       100%        9
 Dragon's Call            Summ           6%         N/A       100%        9


Dungeon Overview and Level Annotations

Branches:
Dungeon (9/15)             Temple (0/1) D:4            Lair (0/6) D:9
    Orc: D:9-12

Altars:
Elyvilon
Fedhas
Kikubaaqudgha
Makhleb
Ru
Trog
Uskayaw
Vehumet
Wu Jian
The Shining One


Innate Abilities, Weirdness & Mutations

You have very sharp teeth.
You sometimes lose the ability to drink potions when taking damage.
You cannot be stealthy.
You are sensitive to extremes of temperature. (rF-, rC-)
Your uncanny sense of smell can sniff out nearby items.
Your experience applies equally to all skills.


Message History

Confirm with . or Enter, or press ? or * to list all spells.
Okay, then.
That's the wrong kind of item! (Use * to select it.) Evoke which item? (* to show all) (? for menu, Esc to quit)
Okay, then.
Aiming: Mindburst
Press: ? - help, Shift-Dir - straight line, f - catoblepas
Aim: a catoblepas (almost dead, haloed, chance to affect: 22%)
Okay, then.
You slash the catoblepas!
The catoblepas is almost dead.
Your +3 scimitar "Zisoec" {spect, *Rage rPois Str+4 SInv Stlth+} hits the catoblepas but does no damage.
The catoblepas gores your +3 scimitar "Zisoec" {spect, *Rage rPois Str+4 SInv Stlth+}!!
Your spectral weapon shares its damage with you!
The catoblepas breathes a plume of calcifying dust at your +3 scimitar "Zisoec" {spect, *Rage rPois Str+4 SInv Stlth+}.
The blast of calcifying dust hits your +3 scimitar "Zisoec" {spect, *Rage rPois Str+4 SInv Stlth+}.
Your spectral weapon shares its damage with you!
You strike the helpless catoblepas from behind!
You hit the catoblepas but do no damage.
You bite the catoblepas, but do no damage.
The catoblepas is almost dead.
Your +3 scimitar "Zisoec" {spect, *Rage rPois Str+4 SInv Stlth+} hits the catoblepas!
You kill the catoblepas!
Something completely misses your +3 scimitar "Zisoec" {spect, *Rage rPois Str+4 SInv Stlth+}.
The centaur warrior wields a +0 shortbow.
The centaur warrior shoots an arrow.
The arrow barely misses your +3 scimitar "Zisoec" {spect, *Rage rPois Str+4 SInv Stlth+}.
The arrow hits you.
Something hits your +3 scimitar "Zisoec" {spect, *Rage rPois Str+4 SInv Stlth+} but does no damage.
The centaur warrior shoots an arrow.
The arrow hits your +3 scimitar "Zisoec" {spect, *Rage rPois Str+4 SInv Stlth+}!!
Your spectral weapon shares its damage with you!
Your +3 scimitar "Zisoec" {spect, *Rage rPois Str+4 SInv Stlth+} fades away.
You hit the bullfrog.
You kill the bullfrog!
The centaur warrior shoots an arrow.
The arrow hits you!
You feel threatened and lose the ability to drink potions!
* * * LOW HITPOINT WARNING * * *
The centaur warrior shoots an arrow.
The arrow hits you!!
You die...

. ∆ ## .
###################
#...#.....#.....#..
#[8K#.....#.....#..
#c.F#..#..#..#..#..
#§###..#..#.)#§.#..
#§@....#..)..#.....
#§.....#.....#.....
#####################
#....................
#....................
#.###################
#.#).....#.....#.....
#.#.○....#.....#.....
#.#'###O.#..#O.#..#..


You could see a centaur warrior.

Vanquished Creatures
  A catoblepas (D:9)
  3 two-headed ogres (D:9)
  An ugly thing (D:9)
  2 cyclopes
  An elephant (D:9)
  2 gargoyles
  A kobold demonologist (D:9)
  An efreet (D:9)
  Grinder (D:3)
  A shadow (D:9)
  Sigmund (D:5)
  A wraith (D:9)
  6 yaks
  3 wyverns (D:9)
  2 steam dragons (D:8)
  4 vampire mosquitoes (D:8)
  3 water moccasins
  3 ice beasts
  6 orc warriors
  3 sky beasts
  2 black bears (D:9)
  2 necrophages
  2 ogres
  6 centaurs
  A phantom (D:4)
  A kobold brigand (D:9)
  5 bullfrogs
  A gnoll sergeant (D:7)
  A killer bee (D:9)
  A wight (D:9)
  4 howler monkeys
  A hound (D:5)
  4 centaur zombies (D:9)
  A gnoll shaman (D:6)
  A bullfrog zombie (D:5)
  A jelly (D:3)
  An orc priest (D:9)
  3 iguanas
  A bullfrog skeleton (D:5)
  Ijyb (D:5)
  Terence (D:2)
  Natasha (thrice) (D:4)
  5 orc wizards
  A killer bee zombie (D:9)
  A hound zombie (D:5)
  15 gnolls
  2 howler monkey skeletons
  7 adders
  An ufetubus (D:6)
  An adder skeleton (D:5)
  A worm (D:2)
  23 orcs
  5 ball pythons
  2 bats (D:1)
  6 endoplasms
  6 giant cockroaches
  7 goblins
  9 hobgoblins
  3 jackals (D:1)
  11 kobolds
  4 quokkas
  2 frilled lizards (D:2)
  7 rats
209 creatures vanquished.

Vanquished Creatures (collateral kills)
  A yak (D:8)
  An adder (D:2)
  An orc (D:7)
  A goblin (D:3)
4 creatures vanquished.

Vanquished Creatures (others)
  Psyche (D:8)
  An orc warrior (D:8)
  An orc priest (D:7)
  A gnoll (D:8)
  A kobold (D:3)
  2 fungi (D:9)
  5 plants (D:1)
12 creatures vanquished.

Grand Total: 225 creatures vanquished

Notes
Turn   | Place    | Note
-------+----------+-------------------------------------------
     0 | D:1      | enile the Gnoll Wanderer began the quest for the Orb.
     0 | D:1      | enile set off with the following items: a +1 trident, a +0
                  | pair of boots, a +0 robe
     0 | D:1      | Reached XP level 1. HP: 23/23 MP: 1/1
   112 | D:1      | Reached XP level 2. HP: 26/29 MP: 2/2
   666 | D:1      | Reached XP level 3. HP: 21/35 MP: 3/3
   853 | D:1      | Found a faded altar of an unknown god.
  1219 | D:1      | Prayed at the altar of an unknown god.
  1219 | D:1      | Became a worshipper of Ru the Awakened
  1243 | D:2      | Gained mutation: You are sensitive to extremes of
                  | temperature. (rF-, rC-) [Ru sacrifice]
  1243 | D:2      | Reached * piety under Ru
  1243 | D:2      | Reached ** piety under Ru
  1247 | D:2      | Reached skill level 1 in Invocations
  1388 | D:2      | Reached skill level 1 in Short Blades
  1388 | D:2      | Reached skill level 1 in Long Blades
  1388 | D:2      | Reached skill level 1 in Axes
  1388 | D:2      | Reached skill level 1 in Maces & Flails
  1388 | D:2      | Reached skill level 1 in Staves
  1388 | D:2      | Reached skill level 1 in Slings
  1388 | D:2      | Reached skill level 1 in Bows
  1388 | D:2      | Reached skill level 1 in Crossbows
  1388 | D:2      | Reached skill level 1 in Throwing
  1388 | D:2      | Reached skill level 1 in Armour
  1388 | D:2      | Reached skill level 1 in Dodging
  1388 | D:2      | Reached skill level 1 in Shields
  1388 | D:2      | Reached skill level 1 in Unarmed Combat
  1388 | D:2      | Reached skill level 1 in Spellcasting
  1388 | D:2      | Reached skill level 1 in Evocations
  1406 | D:2      | Reached XP level 4. HP: 28/41 MP: 5/5
  1653 | D:2      | Learned a level 2 spell: Scorch
  1762 | D:2      | Noticed Terence
  1775 | D:2      | Killed Terence
  1776 | D:2      | Reached skill level 1 in Conjurations
  1776 | D:2      | Reached skill level 1 in Hexes
  1776 | D:2      | Reached skill level 1 in Summonings
  1776 | D:2      | Reached skill level 1 in Necromancy
  1776 | D:2      | Reached skill level 1 in Translocations
  1776 | D:2      | Reached skill level 1 in Transmutations
  1776 | D:2      | Reached skill level 1 in Fire Magic
  1776 | D:2      | Reached skill level 1 in Ice Magic
  1776 | D:2      | Reached skill level 1 in Air Magic
  1776 | D:2      | Reached skill level 1 in Earth Magic
  1776 | D:2      | Reached skill level 1 in Poison Magic
  2322 | D:3      | Reached XP level 5. HP: 47/47 MP: 6/6
  2687 | D:3      | Found a white marble altar of Elyvilon.
  2752 | D:3      | Identified the +3 scimitar "Zisoec" {spect, *Rage rPois
                  | Str+4 SInv Stlth+}
  2857 | D:3      | Noticed Grinder
  2868 | D:3      | Paralysed by Grinder for 6 turns
  2880 | D:3      | Paralysed by Grinder for 5 turns
  2886 | D:3      | Killed Grinder
  2887 | D:3      | Reached XP level 6. HP: 45/53 MP: 7/9
  3085 | D:3      | Got the Guide on the Floating Frostbite
  3350 | D:4      | Noticed Natasha
  3358 | D:4      | Killed Natasha
  3472 | D:4      | Reached XP level 7. HP: 60/60 MP: 10/10
  3507 | D:4      | Found a staircase to the Ecumenical Temple.
  3598 | D:4      | Noticed Natasha
  3830 | D:4      | Killed Natasha
  4322 | D:4      | Noticed Natasha
  4329 | D:4      | Killed Natasha
  4358 | D:5      | Entered Level 5 of the Dungeon
  4373 | D:5      | Gained mutation: You sometimes lose the ability to drink
                  | potions when taking damage. [Ru sacrifice]
  4373 | D:5      | Reached *** piety under Ru
  4550 | D:5      | Reached XP level 8. HP: 67/67 MP: 12/12
  4746 | D:5      | Noticed Ijyb
  4760 | D:5      | Killed Ijyb
  4875 | D:5      | Noticed Sigmund
  4881 | D:5      | Killed Sigmund
  5165 | D:5      | Found a blossoming altar of Fedhas.
  5175 | D:5      | Found a glowing golden altar of the Shining One.
  5176 | D:5      | Found an ancient bone altar of Kikubaaqudgha.
  5363 | D:6      | Found a radiant altar of Vehumet.
  5363 | D:6      | Found a bloodstained altar of Trog.
  5367 | D:6      | Found an ornate altar of the Wu Jian Council.
  5455 | D:6      | Reached XP level 9. HP: 72/72 MP: 14/14
  5491 | D:6      | Identified the +10 flail "Supramos" {venom, Str+6}
  6022 | D:7      | Found a hide-covered altar of Uskayaw.
  6335 | D:7      | Found a burning altar of Makhleb.
  6354 | D:7      | Gained mutation: You cannot be stealthy. [Ru sacrifice]
  6354 | D:7      | Reached **** piety under Ru
  6771 | D:8      | Noticed Psyche
  6779 | D:8      | Reached skill level 5 in Invocations
  6785 | D:8      | Killed Psyche
  6799 | D:8      | Reached XP level 10. HP: 66/80 MP: 17/17
  7079 | D:8      | Reached skill level 5 in Short Blades
  7079 | D:8      | Reached skill level 5 in Long Blades
  7079 | D:8      | Reached skill level 5 in Axes
  7079 | D:8      | Reached skill level 5 in Maces & Flails
  7079 | D:8      | Reached skill level 5 in Staves
  7079 | D:8      | Reached skill level 5 in Slings
  7079 | D:8      | Reached skill level 5 in Bows
  7079 | D:8      | Reached skill level 5 in Crossbows
  7079 | D:8      | Reached skill level 5 in Throwing
  7079 | D:8      | Reached skill level 5 in Armour
  7079 | D:8      | Reached skill level 5 in Dodging
  7079 | D:8      | Reached skill level 5 in Shields
  7079 | D:8      | Reached skill level 5 in Unarmed Combat
  7079 | D:8      | Reached skill level 5 in Spellcasting
  7079 | D:8      | Reached skill level 5 in Evocations
  7527 | D:8      | Noticed a cyclops
  7528 | D:8      | Noticed a gargoyle
  7543 | D:8      | Killed a gargoyle
  7545 | D:8      | Killed a cyclops
  7609 | D:8      | Identified the ring of Zuyplaff {Ice rPois Will+ Dex-4}
  8192 | D:9      | Noticed a gargoyle
  8202 | D:9      | Killed a gargoyle
  8230 | D:9      | Noticed a cyclops
  8235 | D:9      | Killed a cyclops
  8249 | D:9      | Noticed a two-headed ogre
  8263 | D:9      | Killed a two-headed ogre
  8264 | D:9      | Reached XP level 11. HP: 48/87 MP: 19/19
  8492 | D:9      | Noticed a two-headed ogre
  8497 | D:9      | Killed a two-headed ogre
  8498 | D:9      | Reached skill level 5 in Conjurations
  8498 | D:9      | Reached skill level 5 in Hexes
  8498 | D:9      | Reached skill level 5 in Summonings
  8498 | D:9      | Reached skill level 5 in Necromancy
  8498 | D:9      | Reached skill level 5 in Translocations
  8498 | D:9      | Reached skill level 5 in Transmutations
  8498 | D:9      | Reached skill level 5 in Fire Magic
  8498 | D:9      | Reached skill level 5 in Ice Magic
  8498 | D:9      | Reached skill level 5 in Air Magic
  8498 | D:9      | Reached skill level 5 in Earth Magic
  8498 | D:9      | Reached skill level 5 in Poison Magic
  8910 | D:9      | Found a staircase to the Lair.
  9206 | D:9      | Noticed a two-headed ogre
  9232 | D:9      | Killed a two-headed ogre
  9442 | D:9      | Noticed a red ugly thing
  9447 | D:9      | Noticed a catoblepas
  9448 | D:9      | Killed a red ugly thing
  9449 | D:9      | Noticed a centaur warrior
  9466 | D:9      | Killed a catoblepas
  9467 | D:9      | Shot with an arrow by a centaur warrior

Illustrated notes

Levels and vault maps discovered:
D:1:      dpeg_arrival_stonehenge_8_columns, layout_basic, serial_forest,
          infiniplex_forest_lined_3, infiniplex_forest_clump_diagonal,
          infiniplex_forest_straight_4, infiniplex_forest_lined_2,
          infiniplex_forest_split, chequers_ecumenical_altar_lobes,
          serial_bayou_ford_a, minmay_tall_x
D:2:      layout_loops_ring, minmay_tromino_v4_a, uniq_terence
D:3:      layout_loops_ring, nicolae_overflow_crystal_walls,
          nicolae_figureground_sparkle, uniq_grinder
D:4:      layout_loops_cross, minmay_temple_entry_trees,
          nicolae_elevator_lobby_asterisk, uniq_natasha
D:5:      layout_cave_pools, minitemple, uniq_ijyb, uniq_sigmund
D:6:      layout_cave_pools, grunt_temple_overflow_open
D:7:      layout_cave_pools, nicolae_uskayaw_murder_on_the_dancefloor,
          lemuel_doored_altar, abandoned_shop
D:8:      layout_basic, roderic_serpentine_path, minmay_radiant, uniq_psyche
D:9:      kennysheep_windowed_halls, layout_cave_pools, david_lair_generic,
          st_stairs_11, minmay_bent

Skill      XL: |  1  2  3  4  5  6  7  8  9 10 11 |
---------------+----------------------------------+-----
Invocations    | 1 2 3 4 5 6 7 |  7.3
Short Blades   | 1 2 3 4 5 6 |  6.6
Long Blades    | 1 2 3 4 5 6 |  6.6
Axes           | 1 2 3 4 5 6 |  6.6
Maces & Flails | 1 2 3 4 5 6 |  6.6
Staves         | 1 2 3 4 5 6 |  6.6
Slings         | 1 2 3 4 5 6 |  6.6
Bows           | 1 2 3 4 5 6 |  6.6
Crossbows      | 1 2 3 4 5 6 |  6.6
Throwing       | 1 2 3 4 5 6 |  6.6
Armour         | 1 2 3 4 5 6 |  6.6
Dodging        | 1 2 3 4 5 6 |  6.6
Shields        | 1 2 3 4 5 6 |  6.6
Unarmed Combat | 1 2 3 4 5 6 |  6.6
Spellcasting   | 1 2 3 4 5 6 |  6.6
Evocations     | 1 2 3 4 5 6 |  6.6
Conjurations   | 1 2 3 4 5 |  5.5
Hexes          | 1 2 3 4 5 |  5.5
Summonings     | 1 2 3 4 5 |  5.5
Necromancy     | 1 2 3 4 5 |  5.5
Translocations | 1 2 3 4 5 |  5.5
Transmutations | 1 2 3 4 5 |  5.5
Fire Magic     | 1 2 3 4 5 |  5.5
Ice Magic      | 1 2 3 4 5 |  5.5
Air Magic      | 1 2 3 4 5 |  5.5
Earth Magic    | 1 2 3 4 5 |  5.5
Poison Magic   | 1 2 3 4 5 |  5.5
Stealth        | 8 0 |  0.0
Fighting       | 7 8 9 |  9.4
Polearms       | 7 8 9 |  9.4

Action                   |  1- 3 |  4- 6 |  7- 9 | 10-12 || total
-------------------------+-------+-------+-------+-------++-------
Melee: Trident           |   129 |    54 |       |       ||   183
       Bite              |     7 |     3 |    12 |    29 ||    51
       Punch             |     1 |     1 |     1 |       ||     3
       Scimitar          |       |    22 |    65 |   142 ||   229
       Flail             |       |       |    52 |    15 ||    67
Throw: Javelin           |       |     5 |     5 |     5 ||    15
       Dart              |       |     3 |     6 |     6 ||    15
       Throwing net      |       |       |       |     1 ||     1
 Cast: Scorch            |       |     7 |       |       ||     7
Invok: Sacrifice Resista |     1 |       |       |       ||     1
       Sacrifice Drink   |       |       |     1 |       ||     1
       Sacrifice Stealth |       |       |     1 |       ||     1
Evoke: Wand              |       |       |       |     1 ||     1
  Use: Scroll            |       |     1 |       |     1 ||     2
 Stab: Sleeping          |     8 |    16 |     4 |       ||    28
       Distracted        |       |       |     1 |     3 ||     4
Armor: Robe              |    13 |     4 |     3 |       ||    20
       Plate armour      |       |       |    63 |    28 ||    91
       Steam dragon scal |       |       |       |    23 ||    23
Dodge: Dodged            |    55 |    29 |    39 |    75 ||   198
